 Dungeon Crawl Stone Soup version 0.29-a0-517-gbdf32494f2 (webtiles) character file.

Game seed: 13325213573403668213

676 ptdevnull the Grave Robber (level 7, -3/72 HPs)
             Began as an Ogre Necromancer on May 30, 2022.
             Was a Believer of Ru.
             Slain by a gnoll
             ... wielding a +2 halberd of freezing
             ... led by a gnoll shaman
              (4 damage)
             ... on level 5 of the Dungeon.
             The game lasted 00:12:41 (4883 turns).

ptdevnull the Grave Robber (Ogre Necromancer)       Turns: 4883, Time: 00:12:42

Health: -3/72      AC:  3    Str: 19    XL:     7   Next: 60%
Magic:  12/14      EV:  9    Int: 18    God:    Ru [**....]
Gold:   193        SH:  0    Dex:  9    Spells: 3/16 levels left

rFire   x . .      SeeInvis .   a - +1 rapier (venom)
rCold   x . .      Faith    .   (no shield)
rNeg    . . .      Spirit   .   m - +0 robe
rPois   .          Reflect  .   (helmet restricted)
rElec   .          Harm     .   (no cloak)
rCorr   .          Rampage  .   (gloves unavailable)
Will    .....                   (boots unavailable)
Stlth   +.........              (no amulet)
HPRegen 0.22/turn               h - +6 ring of strength
MPRegen 0.14/turn               j - +4 ring of slaying

@: animating dead, studying Stealth
A: large, unfitting armour, screaming 1, tough skin 1, temperature sensitive
a: Renounce Religion


You were on level 5 of the Dungeon.
You worshipped Ru.
Ru was pleased with you.
You visited 1 branch of the dungeon, and saw 5 of its levels.

You collected 193 gold pieces.

Inventory:

Hand Weapons
 a - a +1 rapier of venom (weapon)
 b - a +0 giant spiked club
 e - a +0 dagger
 k - a +3 dagger
Armour
 m - a +0 robe (worn)
Jewellery
 h - a +6 ring of strength (left hand)
 j - a +4 ring of slaying (right hand)
Scrolls
 d - 2 scrolls of noise
 l - 2 scrolls of teleportation
 o - a scroll of blinking
Potions
 c - a potion of curing {unknown}
 f - a potion of attraction {unknown}
 i - 3 potions of lignification
 n - a potion of magic
 p - a potion of heal wounds {unknown}
 q - a potion of berserk rage {unknown}


   Skills:
 + Level 5.3 Fighting
 - Level 1.7 Dodging
 - Level 1.4 Stealth
 - Level 5.0 Spellcasting
 + Level 6.2 Necromancy


You had 3 spell levels left.
You knew the following spells:

 Your Spells              Type           Power      Damage    Failure   Level
a - Necrotize             Necr           100%       1d9       1%          1
b - Vampiric Draining     Necr           27%        2d7       3%          3
c - Animate Dead          Necr           27%        N/A       10%         4
d - Agony                 Necr           27%        N/A       28%         5

Your spell library contained the following spells:

 Spells                   Type           Power      Damage    Failure   Level


Dungeon Overview and Level Annotations

Branches:
Dungeon (5/15)
 Temple: D:4-7

Altars:
Ru


Innate Abilities, Weirdness & Mutations

You are too large for most types of armour.
You occasionally shout uncontrollably at your foes.
You have tough skin. (AC +1)
You are sensitive to extremes of temperature. (rF-, rC-)


Message History

The gnoll is heavily wounded.
The gnoll hits you but does no damage.
The gnoll hits you from afar with a +0 halberd!
The gnoll closely misses you. The gnoll hits you with a +0 club!
You swap places.
The gnoll attacks as you move away! The gnoll hits you with a +0 club.
Your adder skeleton barely misses the gnoll.
The gnoll barely misses your adder skeleton.
Your adder skeleton bites the gnoll.
The gnoll dies!
You feel your willpower return.
Your adder skeleton bites the gnoll.
The gnoll hits your adder skeleton with a +0 halberd!!
Your adder skeleton is destroyed!
The gnoll closely misses you.
The gnoll hits you from afar with a +2 halberd of freezing!
The gnoll freezes you.
* * * LOW HITPOINT WARNING * * *
The gnoll hits you but does no damage.
You hit the gnoll.
The gnoll is poisoned.
The gnoll is moderately wounded.
The gnoll hits you from afar with a +2 halberd of freezing!
* * * LOW HITPOINT WARNING * * *
The gnoll freezes you.
* * * LOW HITPOINT WARNING * * *
You focus your inner power and illuminate the gnoll in retribution!
The gnoll closely misses you.
You hit the gnoll.
The gnoll looks as sick as possible!
The gnoll is almost dead.
You kill the gnoll!
The dead are walking!
The gnoll barely misses you.
You swap places.
The gnoll closely misses you.
Things that are here:
a +0 halberd; a +0 club; a gnoll corpse You barely miss the gnoll.
The gnoll barely misses you.
You completely miss the gnoll.
The gnoll hits you with a +2 halberd of freezing!
* * * LOW HITPOINT WARNING * * *
The gnoll freezes you.
You die...

# # # # # #
#####################.#
...............Z@gg...#
#######################
.. .## ##


You could see 2 gnolls and a friendly gnoll zombie.

Vanquished Creatures
  Eustachio (D:4)
  An ogre (D:3)
  A phantom (D:4)
  A scorpion (D:4)
  A necrophage (D:4)
  A howler monkey (D:4)
  A jelly (D:5)
  Jessica (D:2)
  An iguana (D:4)
  A gnoll (D:5)
  6 adders
  A worm (D:3)
  2 dart slugs
  5 orcs
  A bat (D:3)
  2 endoplasms (D:4)
  3 giant cockroaches
  4 goblins
  4 hobgoblins
  4 jackals (D:4)
  4 quokkas
  9 ball pythons
  2 frilled lizards
  5 kobolds
  3 rats
65 creatures vanquished.

Vanquished Creatures (collateral kills)
  A gnoll (D:5)
1 creature vanquished.

Vanquished Creatures (others)
  A scorpion zombie (D:4)
  4 orc zombies (D:4)
5 creatures vanquished.

Grand Total: 71 creatures vanquished

Notes
Turn   | Place    | Note
-------+----------+-------------------------------------------
     0 | D:1      | ptdevnull the Ogre Necromancer began the quest for the Orb.
     0 | D:1      | Reached XP level 1. HP: 16/16 MP: 3/3
   402 | D:1      | Reached XP level 2. HP: 10/24 MP: 0/5
  1291 | D:2      | Noticed Jessica
  1295 | D:2      | Killed Jessica
  1296 | D:2      | Reached skill level 4 in Necromancy
  1296 | D:2      | Reached XP level 3. HP: 31/31 MP: 2/7
  1581 | D:2      | Learned a level 3 spell: Vampiric Draining
  1856 | D:2      | Found a faded altar of an unknown god.
  1859 | D:2      | Prayed at the altar of an unknown god.
  1859 | D:2      | Became a worshipper of Ru the Awakened
  1872 | D:2      | Gained mutation: You occasionally shout uncontrollably at
                  | your foes. [Ru sacrifice]
  2389 | D:3      | Reached XP level 4. HP: 39/39 MP: 5/9
  2428 | D:3      | Noticed an ogre
  2443 | D:3      | Killed an ogre
  2444 | D:3      | Reached XP level 5. HP: 23/45 MP: 2/11
  2642 | D:3      | Learned a level 4 spell: Animate Dead
  2648 | D:3      | Learned a level 5 spell: Agony
  3333 | D:4      | Reached skill level 1 in Fighting
  3439 | D:4      | Reached skill level 5 in Necromancy
  3481 | D:4      | Reached skill level 5 in Spellcasting
  3481 | D:4      | Reached XP level 6. HP: 18/57 MP: 9/13
  3789 | D:4      | Noticed Eustachio
  3799 | D:4      | Killed Eustachio
  3815 | D:4      | Reached XP level 7. HP: 28/68 MP: 9/14
  4120 | D:4      | Found a sacrificial altar of Ru.
  4255 | D:4      | Gained mutation: You are sensitive to extremes of
                  | temperature. (rF-, rC-) [Ru sacrifice]
  4255 | D:4      | Reached * piety under Ru
  4255 | D:4      | Reached ** piety under Ru
  4385 | D:4      | Reached skill level 5 in Fighting
  4385 | D:4      | Reached skill level 6 in Necromancy
  4842 | D:5      | Entered Level 5 of the Dungeon
  4883 | D:5      | HP: 1/72 [gnoll/+2 halberd of freezing[a gnoll shaman]
                  | (11)]
  4883 | D:5      | Slain by a gnoll

Illustrated notes

Levels and vault maps discovered:
D:1:      roderic_chinese_lattice_arrival, layout_loops_cross,
          serial_park_tiny_2
D:2:      layout_loops_corners, shapermc_ecumenical_altar_mp_urbaneastern,
          st_stairs_6, uniq_jessica
D:3:      layout_loops_cross
D:4:      layout_basic, old_standard_altar, minmay_misc_feat_encased,
          uniq_eustachio
D:5:      cheibrodos_barr_body, layout_basic, portal_sewer_entry_c,
          enter_ossuary_5

Skill      XL: |  1  2  3  4  5  6  7 |
---------------+----------------------+-----
Spellcasting   | 3 4 5 |  5.0
Necromancy     | 4 5 6 |  6.2
Fighting       | 2 3 5 |  5.3
Dodging        | |  1.7
Stealth        | |  1.4

Action                   |  1- 3 |  4- 6 |  7- 9 || total
-------------------------+-------+-------+-------++-------
Melee: Dagger            |    39 |       |       ||    39
       Unarmed           |     7 |       |       ||     7
       Rapier            |       |    64 |    42 ||   106
       Punch             |       |     1 |     2 ||     3
 Cast: Necrotize         |    34 |    18 |     1 ||    53
       Vampiric Draining |       |     1 |       ||     1
       Animate Dead      |       |     1 |     1 ||     2
Invok: Sacrifice Purity  |     1 |       |       ||     1
       Sacrifice Resista |       |       |     1 ||     1
  Use: Scroll            |       |     5 |     1 ||     6
       Potion            |       |       |     1 ||     1
 Stab: Sleeping          |     3 |     3 |     2 ||     8
       Distracted        |       |     1 |       ||     1
Armor: Robe              |    12 |    14 |     7 ||    33
       Skin              |       |       |    14 ||    14
Dodge: Dodged            |    24 |    34 |    14 ||    72

Table legend: (Time is in decaauts)
 A = Elapsed time spent in this place.
 B = Non-inter-level travel time spent in this place.
 C = Inter-level travel time spent in this place.
 D = Time resting spent in this place.
 E = Time spent auto-exploring this place.
 F = Levels seen in this place.
 G = Mean time per level.
                   A        B        C        D        E       F      G
               +--------+--------+--------+--------+--------+-----+--------+
         Total |   4901 |   4782 |    119 |   1446 |   2738 |   5 |  980.2 |
       Dungeon |   4901 |   4782 |    119 |   1446 |   2738 |   5 |  980.2 |
               +--------+--------+--------+--------+--------+-----+--------+

Top non-repeatable levels by time:
     D:4: 1643 daAuts
     D:1: 1201 daAuts
     D:2: 1168 daAuts
     D:3: 846 daAuts
     D:5: 42 daAuts
